 Dungeon Crawl Stone Soup version 0.18.1-48-g4cf74bf (webtiles) character file.

58 Mesmaeker13 the Ducker (level 3, -8/18 HPs)
             Began as a Felid Berserker on July 12, 2016.
             Was a Priest of Trog.
             Mangled by a slave (10 damage)
             ... led by Pikel
             ... on level 4 of the Dungeon.
             The game lasted 00:04:49 (2864 turns).

Mesmaeker13 the Ducker (Felid Berserker)            Turns: 2864, Time: 00:04:49

Health: -8/18      AC:  1    Str: 13    XL:     3   Next: 76%
Magic:  4/4        EV: 20    Int:  8    God:    Trog [***...]
Gold:   170        SH:  0    Dex: 16    Spells: 0 memorised, 2 levels left
                                        Lives:  0   Deaths: 1

rFire  + . .     SeeInvis +       - Unarmed
rCold  . . .     Gourm    .     (armour unavailable)
rNeg   . . .     Faith    .     (shield unavailable)
rPois  .         Spirit   .     (helmet unavailable)
rElec  .         Dismiss  .     (cloak unavailable)
rCorr  .         Reflect  .     (gloves unavailable)
SustAt .         Harm     .     (boots unavailable)
MR     .....                    (no amulet)
Stlth  ++........               (no ring)
                                k - ring of protection from fire (curse)

@: quick, not resistant to hostile enchantments, unstealthy
A: no armour, no weapons or thrown items, claws 1, fangs 3, see invisible,
carnivore 3, speed 1, shaggy fur 1, slow metabolism 1, sharp paws
a: Berserk, Trog's Hand, Burn Spellbooks, Renounce Religion


You were on level 4 of the Dungeon.
You worshipped Trog.
Trog was most pleased with you.
You were not hungry.

You visited 1 branch of the dungeon, and saw 4 of its levels.

You collected 170 gold pieces.

Inventory:

Jewellery
 k - a cursed ring of protection from fire (left paw)
Scrolls
 b - 4 scrolls of teleportation {unknown}
 e - 2 scrolls of remove curse {unknown}
 f - a scroll of identify
 j - 3 scrolls of magic mapping
Potions
 c - a potion of haste
 g - a potion of berserk rage {unknown}
 h - a potion of degeneration {unknown}
 m - a potion of brilliance
Comestibles
 a - 6 meat rations
 d - a beef jerky
 i - a slice of pizza


   Skills:
 + Level 4.0 Fighting
 + Level 5.2 Dodging
 + Level 3.9 Unarmed Combat


You had 2 spell levels left.
You didn't know any spells.

Dungeon Overview and Level Annotations

Branches:
Dungeon (4/15)
 Temple: D:4-7

Altars:
Cheibriados
Nemelex Xobeh

Annotations:
D:4 Pikel


Innate Abilities, Weirdness & Mutations

You cannot wear armour.
You are incapable of wielding weapons or throwing items.
You have sharp claws.
You have razor-sharp teeth.
You have supernaturally acute eyesight.
You are carnivorous and can eat meat at any time.
You cover ground quickly.
You are covered in fur (AC +1).
You have a slow metabolism.
Your sharp claws are effective at attacking unaware monsters.


Message History

You see here a war axe.
Found a plain deck of cards and a whip.
Found a sparkling altar of Nemelex Xobeh.
Found a stone staircase leading down.
No target in view!
There is a stone staircase leading down here.
A slave and Pikel come into view.
The slave shouts!
A slave and a dart slug come into view.
Pikel shouts!
Pikel zaps a wand.
You are blasted!
Ouch! That really hurt!
* * * LOW HITPOINT WARNING * * *
It is a wand of disintegration.
A slave comes into view.
The slave shouts! x2; You hear a shout!
The slave closely misses you.
You barely miss the slave. The slave hits you!
Ouch! That really hurt!
You die...

#.# #>#
#.# #.#
#. #.#
#. #.#
#. #.#
#.# #.#
#.####.#
#wpp@..#
#.K#####
..p.
####


You could see Pikel, 3 slaves and a dart slug.

Vanquished Creatures
  A gnoll (D:1)
  3 adders
  2 oozes
  2 worms (D:3)
  A dart slug (D:3)
  2 giant geckos
  An orc (D:3)
  A giant cockroach (D:3)
  10 goblins
  8 hobgoblins
  2 jackals (D:1)
  A ball python (D:2)
  9 bats
  A giant newt (D:2)
  4 kobolds
  9 rats
57 creatures vanquished.

Notes
Turn   | Place    | Note
--------------------------------------------------------------
     0 | D:1      | Mesmaeker13 the Felid Berserker began the quest for the Orb.
     0 | D:1      | Reached XP level 1. HP: 10/10 MP: 2/2
   238 | D:1      | Reached XP level 2. HP: 14/14 MP: 3/3
   527 | D:1      | Reached ** piety under Trog
   592 | D:1      | Reached XP level 3. HP: 16/17 MP: 4/4
  1498 | D:2      | Found a snail-covered altar of Cheibriados.
  1817 | D:3      | Reached XP level 4. HP: 22/22 MP: 5/5
  2083 | D:3      | Reached skill level 5 in Dodging
  2489 | D:3      | Slain by an adder
  2490 | D:3      | Reached XP level 3. HP: -3/18 MP: 4/4
  2514 | D:3      | Reached *** piety under Trog
  2819 | D:4      | Found a sparkling altar of Nemelex Xobeh.
  2861 | D:4      | Noticed Pikel
  2861 | D:4      | Noticed a slave
  2862 | D:4      | Noticed a slave
  2863 | D:4      | Noticed a slave
  2864 | D:4      | Mangled by a slave

Skill      XL: |  1  2  3  4 |
---------------+-------------+-----
Dodging        | 5 |  5.2
Fighting       | 4 |  4.0
Unarmed Combat | |  3.9

Action                   |  1- 3 |  4- 6 || total
-------------------------+-------+-------++-------
Melee: Unarmed           |   131 |    49 ||   180
       Bite              |     7 |     4 ||    11
       Punch             |     1 |       ||     1
  Use: Potion            |     2 |       ||     2
       Scroll            |       |     3 ||     3
 Stab: Sleeping          |     5 |     2 ||     7
  Eat: Chunk             |     3 |     2 ||     5
Armor: Skin              |     2 |       ||     2
Dodge: Dodged            |    97 |    37 ||   134
